 Dungeon Crawl Stone Soup version 0.22.1 (webtiles) character file.

2 MalarOregon the Firebug (level 1, 0/14 HPs)
             Began as a Hill Orc Fire Elementalist on Sept 17, 2018.
             Slain by a hobgoblin (3 damage)
             ... on level 1 of the Dungeon.
             The game lasted 00:00:51 (57 turns).

MalarOregon the Firebug (Hill Orc Fire Elementalist)  Turns: 57, Time: 00:00:51

Health: 0/14       AC:  2    Str: 10    XL:     1   Next: 40%
Magic:  0/3        EV: 12    Int: 15    God:
Gold:   0          SH:  0    Dex: 11    Spells: 2/3 levels left

rFire    . . .     SeeInvis .   b - +0 dagger
rCold    . . .     Gourm    .   (no shield)
rNeg     . . .     Faith    .   a - +0 robe
rPois    .         Spirit   .   (no helmet)
rElec    .         Reflect  .   (no cloak)
rCorr    .         Harm     .   (no gloves)
MR       .....                  (no boots)
Stlth    ++........             (no amulet)
HPRegen  0.04/turn              (no ring)
MPRegen  0.08/turn              (no ring)

@: no status effects
A: no striking features
a: no special abilities


You were on level 1 of the Dungeon.
You were not hungry.

You visited 1 branch of the dungeon, and saw 1 of its levels.

Inventory:

Hand Weapons
 b - a +0 dagger (weapon)
   (You took it off a goblin on level 1 of the Dungeon)
Armour
 a - a +0 robe (worn)
Comestibles
 e - a ration {!d}


   Skills:
 + Level 0.2 Fighting
 + Level 1.6 Dodging
 - Level 1.5 Stealth
 - Level 1.5 Spellcasting
 + Level 1.1 Conjurations
 + Level 3.3 Fire Magic


You had 2 spell levels left.
You knew the following spells:

 Your Spells              Type           Power        Failure   Level  Hunger
a - Flame Tongue          Conj/Fire      #....        10%         1    ##.....

Your spell library contained the following spells:

 Spells                   Type           Power        Failure   Level  Hunger
 Throw Flame              Conj/Fire      #.....       14%         2    ###....
 Conjure Flame            Conj/Fire      #.......     28%         3    ####...
 Inner Flame              Hex/Fire       #.......     34%         3    ####...
 Sticky Flame             Conj/Fire      #.......     67%         4    #####..
 Fireball                 Conj/Fire      #.........   95%         5    ######.


Dungeon Overview and Level Annotations

Branches:
Dungeon (1/15)

Altars:


Message History

The hobgoblin shouts! x2
A hobgoblin comes into view.
You hear a shout!
Aim: a hobgoblin, wielding a club The flame tongue hits the hobgoblin.
You kill the hobgoblin!
The hobgoblin shouts!
You hear a shout!
A goblin comes into view.
Aim: an ooze The flame tongue hits the ooze.
Aim: an ooze (moderately wounded)
The flame tongue hits the ooze.
The ooze barely misses you.
You hit the ooze but do no damage. The ooze hits you. The ooze hits you.
Aim: an ooze (moderately wounded)
The flame tongue hits the ooze.
The ooze closely misses you. The ooze misses you. The hobgoblin hits you.
Found 12 arrows.
The hobgoblin hits you but does no damage.
Found a murky grey potion.
A leopard gecko comes into view.
The leopard gecko hisses angrily.
You see here a murky grey potion.
You open the door.
A goblin comes into view. It is wielding a dagger.
The hobgoblin barely misses you.
There is an open door here.
Aim: a goblin, wielding a dagger (resting)
The flame tongue hits the goblin.
You kill the goblin!
The hobgoblin hits you.
* * * LOW HITPOINT WARNING * * *
The ooze misses you.
Things that are here:
a dagger; a goblin corpse
b - a dagger The hobgoblin hits you.
* * * LOW HITPOINT WARNING * * *
Wield which item (- for none, * to show all)? (? for menu, Esc to quit)
b - a +0 dagger (weapon)
The hobgoblin hits you but does no damage.
Aim: a hobgoblin The flame tongue hits the hobgoblin.
The hobgoblin hits you.
* * * LOW HITPOINT WARNING * * *
You barely miss the hobgoblin. The hobgoblin closely misses you.
You hit the hobgoblin.
The hobgoblin hits you but does no damage.
You hit the hobgoblin. The hobgoblin hits you.
You die...

#.#.. #..##
###...######...#
##.....##....... .
##..#.#.##.###.# ...
...............##..##
######.#...g!g........#
#........#.#.#..g###.
#......###.#.###l# .
#......+ +.#.+@gJ# ..
#.....####+#+##### ...
#....g#........?# ....
#(...g#..#.8.#..### .....
#####.....≈.≈.....#).....
###gg.......#....#
#..#...#..#g#..#
#.........#.. .#
#.........#g.. #


You could see an ooze, a leopard gecko and a hobgoblin.

Vanquished Creatures
  A goblin (D:1)
  A hobgoblin (D:1)
2 creatures vanquished.

Notes
Turn   | Place    | Note
-------+----------+-------------------------------------------
     0 | D:1      | MalarOregon the Hill Orc Fire Elementalist began the quest
                  | for the Orb.
     0 | D:1      | Reached XP level 1. HP: 14/14 MP: 3/3
    57 | D:1      | Slain by a hobgoblin

Action                   || total
-------------------------++-------
Melee: Dagger            ||     3
       Unarmed           ||     1
 Cast: Flame Tongue      ||     6
Armor: Robe              ||     3
Dodge: Dodged            ||     6
